 Dungeon Crawl Stone Soup version 0.18-a0-1788-g92de1ac (webtiles) character file.

15 M4edhros the Grave Robber (level 2, 0/17 HPs)
             Began as an Octopode Necromancer on Apr 20, 2016.
             Slain by a goblin (2 damage)
             ... on level 1 of the Dungeon.
             The game lasted 00:03:03 (222 turns).

M4edhros the Grave Robber (Octopode Necromancer)     Turns: 222, Time: 00:03:03

Health: 0/17       AC:  1    Str:  7    XL:     2   Next: 50%
Magic:  0/5        EV: 12    Int: 17    God:
Gold:   13         SH:  0    Dex: 12    Spells: 1 memorised, 4 levels left

rFire  . . .     SeeInvis .       - Unarmed
rCold  . . .     Gourm    .     (no shield)
rNeg   . . .     Faith    .     (helmet restricted)
rPois  .         Spirit   .     (no amulet)
rElec  .         Dismiss  .     (no ring)
rCorr  .         Reflect  .     (no ring)
SustAt .         Harm     .     (no ring)
MR     .....                    (no ring)
Stlth  +++.......               (no ring)
                                (no ring)
                                (no ring)
                                (no ring)

@: not resistant to hostile enchantments, fairly stealthy
A: almost no armour, amphibious, 8 rings, constrict 8, camouflage 1, gelatinous
body 1
a: no special abilities


You were on level 1 of the Dungeon.
You were not hungry.

You visited 1 branch of the dungeon, and saw 2 of its levels.

You collected 13 gold pieces.

Inventory:

Missiles
 c - 37 stones (quivered)
Scrolls
 d - a scroll of fog {unknown}
Potions
 e - a potion of might {unknown}
Books
 a - a book of Necromancy

   Spells                             Type                      Level
   a - Pain                           Necromancy                   1
   b - Animate Skeleton               Necromancy                   1
   c - Vampiric Draining              Necromancy                   3
   d - Regeneration                   Charms/Necromancy            3
   e - Animate Dead                   Necromancy                   4
   f - Control Undead                 Necromancy                   4
Comestibles
 b - a bread ration


   Skills:
 - Level 2.0 Dodging
 - Level 2.6 Stealth
 + Level 2.0 Unarmed Combat
 - Level 2.0 Spellcasting
 - Level 4.0 Necromancy


You had 4 spell levels left.
You knew the following spells:

 Your Spells              Type           Power        Failure   Level  Hunger
a - Pain                  Necr           ###.         3%          1    #......


Dungeon Overview and Level Annotations

Branches:
Dungeon (2/15)

Altars:

Annotations:
D:2 Natasha


Innate Abilities, Weirdness & Mutations

You cannot wear most types of armour.
You are amphibious.
You can wear up to eight rings at the same time.
You can use your tentacles to constrict eight enemies at once.
Your skin changes colour to match your surroundings (Stealth).
Your rubbery body absorbs attacks (AC +1).


Message History

The bat struggles to escape constriction. x2
You tentacle-slap the bat but do no damage.
The bat is heavily wounded.
You constrict the bat.
You kill the bat!
Your Unarmed Combat skill increases to level 2!
Casting: Pain
Confirm with . or Enter, or press ? or * to list all spells.
Aiming: Pain
Press: ? - help, Shift-Dir - straight line, f - goblin
Aim: a goblin, wielding a club (chance to defeat MR: 92%)
The goblin convulses in agony!
You tentacle-slap the goblin.
You kill the goblin!
You swing at nothing.
You barely miss the goblin. Your grab misses the goblin.
The goblin hits you but does no damage.
You barely miss the goblin. Your grab misses the goblin.
Your squeeze misses the goblin. The goblin hits you.
You die...

. ... .. ..## ###.##
#... .... . #.†#
#.#############
..#..#####.....)@.......
...............g)......
####....................
........................
...........####.........
...........# #.........
...........# #.........
......####.........##.##
......# #.........#


You could see a goblin.

Vanquished Creatures
  A dart slug (D:1)
  A giant gecko (D:1)
  3 goblins
  A hobgoblin (D:2)
  2 kobolds (D:1)
  2 bats (D:1)
  2 rats (D:1)
12 creatures vanquished.

Notes
Turn   | Place    | Note
--------------------------------------------------------------
     0 | D:1      | M4edhros the Octopode Necromancer began the quest for the Orb.
     0 | D:1      | Reached XP level 1. HP: 11/11 MP: 3/3
    46 | D:1      | Reached skill level 1 in Unarmed Combat
   145 | D:2      | Reached XP level 2. HP: 6/17 MP: 0/5
   155 | D:2      | Noticed Natasha
   222 | D:1      | Slain by a goblin

Vault maps used:
D:1:      dpeg_arrival_arbitrary_a
D:2:      uniq_natasha

Skill      XL: |  1  2 |
---------------+-------+-----
Unarmed Combat | 1 2 |  2.0
Dodging        | |  2.0
Stealth        | |  2.6
Spellcasting   | |  2.0
Necromancy     | |  4.0

Action                   || total
-------------------------++-------
Melee: Unarmed           ||    13
       Constrict         ||     3
       Tentacles         ||     2
 Cast: Pain              ||    15
Armor: Skin              ||     1
Dodge: Dodged            ||     6
